cohdb
Replays
Latest Replays
All Replays
Popular Replays
Top Player Replays
Match Explorer
How It Works
Community
CoH3 Stats
Reddit
Sign in to upload your games and track your stats! →
Sign in with Steam
Match 27536658
Unlisted
Match 27536658
Overview
Messages
Build Orders
End
Construct Barracks
Selects Armored Battlegroup
Selects Veteran Crews
Riflemen Squad
Riflemen Squad
Riflemen Squad
Mechanized Support Center
Construct Weapon Support Center
Selects Fast Deploy
M3 75 mm Gun Motor Carriage
Friendly Mouse(Poxie)
NNN//:::::::>
ExyQ 你个王八蛋
neurotypical cattle
Dragobyte
SoYcD
PROSCO
Wasa
0
0
Comments
sign in to comment!
No comments posted yet!